 Dungeon Sprint DCSS version 0.31.0-12-g77e489cdc1 (webtiles) character file.

Game seed: 5767146426261963859

7 Heoruswealwe the Trooper (level 1, -16/22 HPs)
             Began as a Minotaur Fighter on Feb 23, 2024.
             Demolished by a gnoll bouda
             ... wielding a +2 whip of electrocution
              (18 damage)
             ... in the Dungeon (Sprint IX: "|||||||||||||||||||||||||||||").
             The game lasted 00:00:20 (32 turns).

Heoruswealwe the Trooper (Minotaur Fighter)           Turns: 32, Time: 00:00:20

Health: -16/22     AC:  7    Str: 20    XL:     1   Next: 91%
Magic:  0/0        EV:  9    Int:  5    God:
Gold:   0          SH:  4    Dex:  9    Spells: 0/0 levels left

rFire   . . .        a - +0 trident
rCold   . . .        d - +0 buckler
rNeg    . . .        c - +0 scale mail
rPois   .            (helmet restricted)
rElec   .            (no cloak)
rCorr   .            (no gloves)
SInv    .            (no boots)
Will    .....        (no amulet) Stlth
                     (no ring)
HPRegen 0.23/turn    (no ring)
MPRegen 0.07/turn

%: no teleportation
@: weakened
A: horns 2, retaliatory headbutt
a: no special abilities


You were in the Dungeon.
You visited 1 branch

Inventory:

Hand Weapons
 a - a +0 trident (weapon)
Armour
 c - a +0 scale mail (worn)
 d - a +0 buckler (worn)
Scrolls
 j - a scroll of blinking
Potions
 b - a potion of might
 e - a potion of curing
 f - a potion of heal wounds
 g - a potion of haste
 h - 2 potions of magic
 i - a potion of berserk rage


   Skills:
 + Level 4.3 Fighting
 * Level 4.1 Polearms
 + Level 4.3 Armour
 - Level 3.6 Shields


You couldn't memorise any spells.
You didn't know any spells.
Your spell library was empty.

Dungeon Overview and Level Annotations

Branches:
Dungeon (1/1)

Altars:


Innate Abilities, Weirdness & Mutations

You have a pair of horns on your head.
You reflexively headbutt those who attack you in melee.


Message History

Your Armour skill increases to level 4!
The endoplasm closely misses you.
There is an open door to the Dungeon here.
Things that are here:
a frilled lizard corpse; a ball python corpse You hit the endoplasm.
The endoplasm is almost dead.
The endoplasm hits you but does no damage.
The endoplasm freezes you.
You are frozen.
You puncture the endoplasm!
You kill the endoplasm!
You start resting.
HP restored.
You open the door.
An orc, an ogre, a gnoll bouda, a white imp and a dart slug come into view.
The gnoll bouda is wielding a +2 whip of electrocution.
The orc shouts!
The ogre shouts!
The gnoll bouda shouts!
The white imp shouts!
You hit the dart slug. You headbutt the dart slug.
You kill the dart slug!
Your Polearms skill increases to level 4!
There is an open door here.
You see here a dart slug corpse.
You barely miss the gnoll bouda.
The gnoll bouda hits you with a +2 whip of electrocution.
You closely miss the gnoll bouda.
The gnoll bouda hits you with a +2 whip of electrocution.
You completely miss the gnoll bouda.
The gnoll bouda hits you with a +2 whip of electrocution.
You hit the gnoll bouda but do no damage.
The gnoll bouda hits you with a +2 whip of electrocution.
You completely miss the gnoll bouda.
The gnoll bouda hits you with a +2 whip of electrocution.
* * * LOW HITPOINT WARNING * * *
The gnoll bouda gazes fiercely through you!
You feel your attacks grow feeble.
The gnoll bouda hits you but does no damage.
You are electrocuted!!
Ouch! That really hurt!
You die...

▓+▓
▓.▓
▓o▓
▓O▓
▓5▓
▓g▓
▓@▓
▓.▓
▓.▓
▓.▓
▓.▓
▓.▓
▓†▓
▓.▓
▓.▓


You could see an ogre, a gnoll bouda, a white imp and an orc.

Vanquished Creatures
  A dart slug (D)
  An endoplasm (D)
  A giant cockroach (D)
  2 ball pythons (D)
  A frilled lizard (D)
6 creatures vanquished.

Notes
Turn   | Place    | Note
-------+----------+-------------------------------------------
     0 | D        | Heoruswealwe the Minotaur Fighter began the quest for the
                  | Orb.
     0 | D        | Reached XP level 1. HP: 19/19 MP: 0/0
    25 | D        | Noticed an ogre
    25 | D        | Noticed a gnoll bouda
    32 | D        | Demolished by a gnoll bouda

Illustrated notes

Levels and vault maps discovered:
D:        linesprint [early_d, line_temple, items_1, d_10, items_2, lair_1,
          lair_end, items_3, orc_1, orc_end, items_4, d_15, swamp_1, shoals_1,
          snake_1, spider_1, d_20, vaults_1, items_5, swamp_end, shoals_end,
          snake_end, spider_end, vaults_end, d_27, items_6, zot_1, zot_end,
          crypt_end, forest_end, elf_end, slime_end, tomb_end, abyss_end,
          pan_hell_end]

Skill      XL: |  1 |
---------------+----+-----
Polearms       | 4 |  4.1
Fighting       | 4 |  4.3
Armour         | 4 |  4.3
Shields        | |  3.6

Action                     || total
---------------------------++-------
  Melee: Trident           ||    13
         Headbutt          ||     2
 Armour: Scale mail        ||     9
  Dodge: Dodged            ||     4
